 Dungeon Crawl Stone Soup version 0.17.0-15-g6d90897 (console) character file.

100 gw the Shield-Bearer (level 4, -3/38 HPs)
             Began as a Demigod Fighter on Nov 11, 2015.
             Slain by an orc
             ... wielding a +0 hand axe
              (5 damage)
             ... on level 3 of the Dungeon.
             The game lasted 00:02:02 (2734 turns).

gw the Shield-Bearer (Demigod Fighter)              Turns: 2734, Time: 00:02:02

Health: -3/38      AC:  6    Str: 19    XL:     4   Next: 23%
Magic:  6/6        EV:  7    Int: 12    God:
Gold:   122        SH:  9    Dex: 17    Spells: 0 memorised, 3 levels left

rFire  . . .     SeeInvis .     a - +0 trident
rCold  . . .     Clarity  .     b - +0 scale mail
rNeg   . . .     SustAt   +     c - +0 shield
rPois  .         Gourm    .     (no helmet)
rElec  .         Spirit   .     (no cloak)
rCorr  .         Warding  .     (no gloves)
rMut   .         Stasis   .     (no boots)
MR     .....                    (no amulet)
Stlth  ..........               (no ring)
                                (no ring)

@: not resistant to hostile enchantments, extremely unstealthy
A: high mp 1, sustain attributes
a: no special abilities


You were on level 3 of the Dungeon.
You were hungry.

You visited 1 branch of the dungeon, and saw 3 of its levels.

You collected 122 gold pieces.

Inventory:

Hand Weapons
 a - a +0 trident (weapon)
Missiles
 d - 20 poisoned needles
 f - 46 stones (quivered)
 g - 4 needles of confusion
Armour
 b - a +0 scale mail (worn)
 c - a +0 shield (worn)
Comestibles
 e - a bread ration


   Skills:
 + Level 3.1 Fighting
 * Level 2.5 Polearms
 + Level 1.0 Throwing
 + Level 3.2 Armour
 + Level 3.3 Shields


You had 3 spell levels left.
You didn't know any spells.

Dungeon Overview and Level Annotations

Branches:
Dungeon (3/15)

Annotations:
D:2 exclusion: downstairs
D:3 gw's ghost, amateur MfHu


Innate Abilities, Weirdness & Mutations

You have an increased reservoir of magic (+10% MP).
Your attributes are resistant to harm.


Message History

Unknown command.
Unknown command.
MOVING TO (0,-4) Unknown command.
Unknown command.
Unknown command.
MOVING TO (0,-3) Unknown command.
Unknown command.
Unknown command.
ATTACKING (0,-1)
You completely miss the adder. The orc hits you with a hand axe.
You block the adder's attack. The adder bites you but does no damage.
Unknown command.
Unknown command.
Unknown command.
Unknown command.
ATTACKING (0,-1)
You closely miss the adder. The orc hits you with a hand axe.
You die...

#.# #.#..###+###.
#.#..........
#.#..........
#.#..........
#.#..........
#S#..........
#p#.......... #
#o#..%....... #.#
#W#.#'##########
#..
#.#.#....<.....#
#.##.#)####.......#
.###..#.#?#
#.......#
..........#
#.......#
#####.#.###
#.......# . #.#.#
#.!.....#


You could see gw's ghost, an adder and an orc.

Table legend:
 A = Turns spent in this place as a percentage of turns spent in the entire game.
 B = Non-inter-level travel turns spent in this place as a percentage of non-inter-level travel turns spent in the entire game.
 C = Inter-level travel turns spent in this place as a percentage of turns spent in this place.
 D = Turns resting spent in this place as a percentage of non-inter-level travel turns spent in this place.
 E = Turns spent auto-exploring this place as a percentage of non-inter-level travel turns spent in this place.
 F = Non-inter-level travel turns spent in this place divided by the number of levels of this place that you've seen.
                   A       B       C       D       E      F
               +-------+-------+-------+-------+-------+----------------------
         Total | 100.0 | 100.0 |   0.7 |   1.1 |   2.9 | 987.7
       Dungeon | 100.0 | 100.0 |   0.7 |   1.1 |   2.9 | 987.7
               +-------+-------+-------+-------+-------+----------------------

Table legend:
 A = Kills in this place as a percentage of kills in entire the game.
 B = Kills by you in this place as a percentage of kills by you in the entire game.
 C = Kills by friends in this place as a percentage of kills by friends in the entire game.
 D = Other kills in this place as a percentage of other kills in the entire game.
 E = Experience gained in this place as a percentage of experience gained in the entire game.
 F = Experience gained in this place divided by the number of levels of this place that you have seen.
                   A       B       C       D       E      F
               +-------+-------+-------+-------+-------+----------------------
         Total | 100.0 | 100.0 |  -nan |  -nan | 100.0 |  47.7
       Dungeon | 100.0 | 100.0 |  -nan |  -nan | 100.0 |  47.7
               +-------+-------+-------+-------+-------+----------------------

Vanquished Creatures
  An orc wizard (D:3)
  3 adders (D:2)
  A worm (D:2)
  A giant gecko (D:2)
  An orc (D:3)
  6 bats
  3 giant cockroaches
  5 goblins
  4 hobgoblins
  2 jackals (D:2)
  4 kobolds
  A ball python (D:2)
  4 giant newts (D:2)
  3 quokkas
  A rat (D:2)
40 creatures vanquished.

Notes
Turn   | Place    | Note
--------------------------------------------------------------
     0 | D:1      | gw the Demigod Fighter began the quest for the Orb.
     0 | D:1      | Reached XP level 1. HP: 18/18 MP: 3/3
   555 | D:1      | Reached XP level 2. HP: 25/25 MP: 4/4
   633 | D:1      | You fall through a shaft!
   817 | D:2      | Reached skill level 3 in Armour
  1194 | D:2      | Reached XP level 3. HP: 31/31 MP: 5/5
  2437 | D:3      | Noticed gw's ghost (amateur MfHu)
  2708 | D:3      | Reached skill level 1 in Throwing
  2708 | D:3      | Reached XP level 4. HP: 11/38 MP: 6/6
  2734 | D:3      | Slain by an orc

Action                   |  1- 3 |  4- 6 || total
-------------------------+-------+-------++-------
Melee: Trident           |   152 |     5 ||   157
Throw: Stone             |    40 |       ||    40
  Use: Potion            |     2 |       ||     2
  Eat: Chunk             |     5 |       ||     5

Vault maps used:
D:1:      dpeg_arrival_radiant, minmay_tree_intersection, hangedman_glass_teeth,
          minmay_statues_item, minmay_crystal_water
D:3:      lemuel_doored_altar, evilmike_ruin_ashenzari
